 Dungeon Crawl Stone Soup version 0.31.0-32-g396128a36d (webtiles) character file.

Game seed: 8684017352362205690

228 BoneyBoi1234 the Ruffian (level 5, -6/45 HPs)
             Began as a Draconian Shapeshifter on Mar 27, 2024.
             Mangled by a bullfrog (7 damage)
             ... on level 4 of the Dungeon.
             The game lasted 00:04:02 (2102 turns).

BoneyBoi1234 the Ruffian (Draconian Shapeshifter)   Turns: 2102, Time: 00:04:02

Health: -6/45      AC:  5    Str: 17    XL:     5   Next: 70%
Magic:  4/4        EV: 13    Int: 10    God:
Gold:   154        SH:  0    Dex: 14    Spells: 2/4 levels left

rFire   . .          .
                       - Unarmed
rCold   . . .        (no shield)
rNeg    + . .        (body armour unavailable)
rPois   .            (helmet currently unavailable)
rElec   .            (cloak currently unavailable)
rCorr   .            (gloves currently unavailable)
SInv    .            (boots currently unavailable)
Will    .....        (no amulet)
Stlth   +            k - ring of positive energy
HPRegen 1.07/turn    (no ring)
MPRegen 0.09/turn

%: no passive effects
@: lit by a corona, beast-form, attractive, hasted, glowing, very quick
A: beast (slay +2), AC +5, unfitting armour, cold-blooded, agile 1, low MP 1,
regeneration 1
a: Begin Untransformation


You were on level 4 of the Dungeon.
You were a hulking beast.
You visited 1 branch of the dungeon, and saw 4 of its levels.

You collected 154 gold pieces.

Inventory:

Hand Weapons
 d - a +2 whip of distortion
Jewellery
 g - a ring of fire
 i - a ring of ice
 k - a ring of positive energy (left hand)
Talismans
 b - a beast talisman
 c - a flux talisman
Scrolls
 e - a scroll of torment
 f - a scroll of noise {unknown}
 h - 2 scrolls of teleportation {unknown}
 j - a scroll of fear {unknown}
 l - 3 scrolls of vulnerability {unknown}
 m - a scroll of amnesia
 p - a scroll of fog {unknown}
Potions
 a - 2 potions of lignification
 r - a potion of heal wounds


   Skills:
 + Level 3.1 Fighting
 + Level 3.0 Dodging
 + Level 4.1 Unarmed Combat
 + Level 0.3 Spellcasting
 + Level 0.3 Hexes
 + Level 3.9 Shapeshifting


You had 2 spell levels left.
You knew the following spells:

 Your Spells              Type           Power      Damage    Failure   Level
a - Jinxbite              Hex            0%         N/A       45%         2

Your spell library contained the following spells:

 Spells                   Type           Power      Damage    Failure   Level
 Apportation              Tloc           0%         N/A       36%         1
 Necrotise                Necr           0%         1d4       36%         1
 Sting                    Conj/Alch      0%         1d3       36%         1
 Summon Small Mammal      Summ           0%         N/A       36%         1
 Gell's Gravitas          Tloc           0%         N/A       75%         3
 Teleport Other           Tloc           0%         N/A       75%         3
 Yara's Violent Unravell  Hex/Alch       0%         3d3       100%        5
 Dispersal                Tloc           0%         N/A       100%        6
 Enfeeble                 Hex            0%         N/A       100%        7


Dungeon Overview and Level Annotations

Branches:
Dungeon (4/15)
 Temple: D:4-7

Altars:
Fedhas
Gozag
Kikubaaqudgha
Ru
Sif Muna
Vehumet

Annotations:
D:4 Dowan, Duvessa


Innate Abilities, Weirdness & Mutations

You are a hulking beast.
Your limbs bulge with bestial killing power. (Slay +2)
Your plain brown scales are hard. (AC +5)
You cannot fit into any form of body armour.
You are cold-blooded and may be slowed by cold attacks.
You are agile. (Dex +4, Str/Int -1)
Your magical capacity is low. (-10% MP)
Your natural rate of healing is unusually fast.


Message History

The bullfrog barely misses you. Duvessa attacks as she pursues you!
Duvessa hits you with a +0 short sword!
Duvessa says, "My weaknesses are his strengths!"
Duvessa hits you with a +0 short sword.
You hit Duvessa.
Duvessa is lightly wounded.
Duvessa hits you with a +0 short sword. Duvessa barely misses you.
You hit Duvessa.
Duvessa is lightly wounded.
The bullfrog swells and bulges.
The bullfrog barely misses you. Duvessa hits you with a +0 short sword.
The bullfrog barely misses you.
You hit Duvessa.
Duvessa is moderately wounded.
Duvessa hits you but does no damage.
The bullfrog hits you but does no damage.
You hit Dowan.
Dowan is lightly wounded.
The bullfrog hits you! Duvessa hits you with a +0 short sword.
* * * LOW HITPOINT WARNING * * *
Dowan hits you with a +1 dagger of pain.
* * * LOW HITPOINT WARNING * * *
The bullfrog barely misses you.
It was a potion of attraction.
You feel attractive to monsters. Duvessa barely misses you.
The bullfrog hits you.
* * * LOW HITPOINT WARNING * * *
Dowan barely misses you. Duvessa misses you.
It was a potion of mutation.
You feel extremely strange.
You begin to heal more quickly.
You feel less energetic.
You feel agile. The bullfrog hits you.
* * * LOW HITPOINT WARNING * * *
Duvessa barely misses you. Dowan casts a spell at you.
You are outlined in light.
The bullfrog completely misses you.
It was a potion of haste.
You feel yourself speed up. Duvessa hits you with a +0 short sword.
* * * LOW HITPOINT WARNING * * *
The bullfrog hits you!
You die...

.............. .#.
............. ...#
............ #..##
........... #####..#
..........#
##...##.##
..........#
##......#.##
#.......#
##........#.#
#he###............
#eF##.............
##.##..............
#<.##..............
#..#...............
#.#................
##.#................
#...................
#...................


You could see Duvessa (fast), Dowan and a bullfrog.

Vanquished Creatures
  A bombardier beetle (D:3)
  2 jellies (D:2)
  5 adders
  An orc (D:3)
  12 ball pythons
  11 endoplasms
  13 giant cockroaches
  3 goblins
  6 hobgoblins
  2 jackals (D:3)
  3 quokkas
  A bat (D:1)
  2 frilled lizards
  11 kobolds
  4 rats
77 creatures vanquished.

Notes
Turn   | Place    | Note
-------+----------+-------------------------------------------
     0 | D:1      | BoneyBoi1234 the Draconian Shapeshifter began the quest for
                  | the Orb.
     0 | D:1      | Reached XP level 1. HP: 16/16 MP: 1/1
   135 | D:1      | Reached XP level 2. HP: 6/23 MP: 2/2
   491 | D:2      | Reached XP level 3. HP: 8/29 MP: 3/3
   594 | D:2      | You fall into a shaft and drop 2 floors!
   754 | D:3      | Reached XP level 4. HP: 20/36 MP: 4/4
   930 | D:2      | Found a sacrificial altar of Ru.
   930 | D:2      | Found a blossoming altar of Fedhas.
   930 | D:2      | Found an ancient bone altar of Kikubaaqudgha.
   930 | D:2      | Found an opulent altar of Gozag.
   930 | D:2      | Found a shimmering blue altar of Sif Muna.
   930 | D:2      | Found a radiant altar of Vehumet.
   950 | D:2      | Reached XP level 5. HP: 6/44 MP: 5/5
  1336 | D:2      | Reached skill level 4 in Unarmed Combat
  1621 | D:3      | Learned a level 2 spell: Jinxbite
  2084 | D:4      | Noticed Dowan
  2085 | D:4      | Noticed Duvessa
  2101 | D:4      | Gained mutation: Your natural rate of healing is unusually
                  | fast. [potion of mutation]
  2101 | D:4      | Gained mutation: Your magical capacity is low. (-10% MP)
                  | [potion of mutation]
  2101 | D:4      | Gained mutation: You are agile. (Dex +4, Str/Int -1)
                  | [potion of mutation]
  2102 | D:4      | HP: 1/45 [Duvessa/+0 short sword (4)]
  2102 | D:4      | Mangled by a bullfrog

Illustrated notes

Levels and vault maps discovered:
D:1:      erik_arrival_blinker_ship, layout_rooms, minmay_shallow_snake_nest
D:2:      cheibrodos_fertilizer, layout_basic, basic_altar
D:3:      minmay_roachtagon, layout_loops_cross
D:4:      layout_cave_pods, serial_shops, nicolae_shop_back_alley_shop,
          uniq_duvessa

Skill      XL: |  1  2  3  4  5 |
---------------+----------------+-----
Dodging        | 2 3 |  3.0
Fighting       | 2 3 |  3.1
Unarmed Combat | 4 |  4.1
Spellcasting   | |  0.3
Hexes          | |  0.3
Shapeshifting  | |  3.9

Action                     |  1- 3 |  4- 6 || total
---------------------------+-------+-------++-------
  Melee: Unarmed           |    98 |   104 ||   202
         Tailslap          |    12 |    11 ||    23
         Punch             |     1 |     4 ||     5
    Use: Potion            |       |     5 ||     5
         Scroll            |       |     2 ||     2
 Armour: Skin              |    72 |    72 ||   144
  Dodge: Dodged            |    88 |    90 ||   178
